 Dungeon Crawl Stone Soup version 0.28.0-53-g5a82cb258f (webtiles) character file.

Game seed: 4031882296362304874

38 Sin92 the Skirmisher (level 3, -2/29 HPs)
             Began as a Demonspawn Fighter on June 2, 2022.
             Slain by a gnoll
             ... wielding a +0 halberd
              (12 damage)
             ... on level 3 of the Dungeon.
             The game lasted 00:03:39 (1816 turns).

Sin92 the Skirmisher (Demonspawn Fighter)           Turns: 1816, Time: 00:03:39

Health: -2/29      AC: 11    Str: 16    XL:     3   Next: 25%
Magic:  3/3        EV:  6    Int:  9    God:
Gold:   102        SH:  5    Dex: 14    Spells: 2/2 levels left

rFire   . . .      SeeInvis .   a - +1 long sword
rCold   . . .      Faith    .   c - +0 buckler
rNeg    . . .      Spirit   .   j - +0 chain mail
rPois   .          Reflect  .   i - +0 helmet
rElec   .          Harm     .   (no cloak)
rCorr   .          Rampage  .   (no gloves)
Will    .....                   (no boots)
Stlth   ..........              (no amulet)
HPRegen 0.09/turn               (no ring)
MPRegen 0.08/turn               (no ring)

@: mighty
A: rugged brown scales 1, powered by pain 1
a: no special abilities


You were on level 3 of the Dungeon.
You visited 1 branch of the dungeon, and saw 3 of its levels.

You collected 102 gold pieces.

Inventory:

Hand Weapons
 a - a +1 long sword (weapon)
Armour
 b - a +0 scale mail
 c - a +0 buckler (worn)
 i - a +0 helmet (worn)
 j - a +0 chain mail (worn)
Jewellery
 k - a ring of ice
Potions
 e - a potion of magic {unknown}
 l - a potion of brilliance {unknown}


   Skills:
 + Level 3.3 Fighting
 + Level 2.2 Long Blades
 + Level 3.1 Armour
 + Level 3.0 Shields


You had 2 spell levels left.
You didn't know any spells.
Your spell library contained the following spells:

 Spells                   Type           Power      Damage    Failure   Level
 Corpse Rot               Necr/Air       0%         N/A       100%        2
 Dispel Undead            Necr           0%         3d6       100%        4
 Death Channel            Necr           0%         N/A       100%        6


Dungeon Overview and Level Annotations

Branches:
Dungeon (3/15)

Altars:

Shops:
D:2 *[*?*

Annotations:
D:3 2 transporters, Wentworth's ghost, amateur DrIE


Innate Abilities, Weirdness & Mutations

You are partially covered in rugged brown scales. (AC +1, +3% HP)
You sometimes gain a little power by taking damage.


Message History

The gnoll shouts!
An adder comes into view.
A gnoll shaman comes into view. It is wielding a +0 club.
A gnoll comes into view. It is wielding a +0 flail.
The adder hisses angrily.
The gnoll shaman shouts!
There are monsters nearby!
There are monsters nearby!
A rat and an adder come into view.
The adder hisses angrily.
The adder bites you but does no damage.
The adder moves out of view.
There are monsters nearby!
You closely miss the gnoll shaman. The adder bites you but does no damage.
The gnoll hits you but does no damage. The gnoll barely misses you.
The adder bites you but does no damage.
The gnoll hits you from afar with a +0 spear.
Unknown command.
You hit the gnoll shaman but do no damage.
The adder bites you. The gnoll barely misses you. You block the gnoll's attack.
The gnoll hits you from afar with a +0 spear.
The adder closely misses you. The gnoll hits you but does no damage.
You block the gnoll's attack.
The gnoll shaman hits you but does no damage.
The gnoll hits you from afar with a +0 spear.
You slash the gnoll!
The gnoll is severely wounded.
The adder barely misses you. The gnoll hits you with a +0 whip.
The gnoll barely misses you.
The gnoll shaman calls upon its god to heal the gnoll.
The gnoll is healed somewhat.
The gnoll hits you but does no damage. The gnoll hits you with a +0 flail!
The adder bites you but does no damage.
You aren't carrying any scrolls.
You aren't carrying any scrolls.
You feel very mighty all of a sudden. The adder barely misses you.
You block the gnoll's attack. You block the adder's attack.
The gnoll barely misses you. You block the gnoll's attack.
The gnoll shaman invokes the aid of its god against you.
You resist with significant effort. The gnoll hits you but does no damage.
The gnoll hits you with a +0 halberd!
You die...

##. #.. ###..#######
#..........#
##.....(....#
............#
#...ggg....##
#...r)SS....#
.......g@....#
.......g.....#
##########...# .##..#
.. ....©#...#
.....#.... .....#...#
.....#..# # ###.Z#...#
..#..#..#8#.#8#.Z#...#
#.#..#.........W.#...#
#.#.©#?.... ....Z#©..#


You could see a gnoll shaman, 4 gnolls, 2 adders and a rat.

Vanquished Creatures
  2 dart slugs
  2 orcs (D:3)
  An endoplasm (D:3)
  3 giant cockroaches
  A goblin (D:2)
  3 hobgoblins (D:1)
  A jackal (D:1)
  3 quokkas
  2 ball pythons (D:1)
  3 bats (D:2)
  7 kobolds
  3 rats
31 creatures vanquished.

Notes
Turn   | Place    | Note
-------+----------+-------------------------------------------
     0 | D:1      | Sin92 the Demonspawn Fighter began the quest for the Orb.
     0 | D:1      | Reached XP level 1. HP: 18/18 MP: 1/1
   480 | D:1      | Gained mutation: You sometimes gain a little power by
                  | taking damage. [demonic ancestry]
   480 | D:1      | Reached XP level 2. HP: 23/24 MP: 2/2
   935 | D:2      | Found Nixzouda's Assorted Antiques.
   941 | D:2      | Found Cecoonn's Magic Scroll Boutique.
   977 | D:2      | Found Enahumap's Assorted Antiques.
  1017 | D:2      | Found a faded altar of an unknown god.
  1163 | D:2      | Found Zufy's Armour Shop.
  1188 | D:2      | Found Jiosin's General Store.
  1499 | D:3      | Gained mutation: You are partially covered in rugged brown
                  | scales. (AC +1, +3% HP) [demonic ancestry]
  1499 | D:3      | Reached XP level 3. HP: 19/29 MP: 3/3
  1794 | D:3      | Found a transporter.
  1797 | D:3      | Noticed Wentworth's ghost (amateur DrIE)
  1802 | D:3      | Found a transporter.
  1816 | D:3      | Slain by a gnoll

Illustrated notes

Levels and vault maps discovered:
D:1:      minmay_arrival_glassed_features, layout_basic, st_stairs_9
D:2:      layout_rooms, nicolae_ecumenical_oubliette, serial_shops,
          nicolae_shop_crystal, nicolae_shop_overgrown_old_shop,
          nicolae_shop_statue_plus, nicolae_shop_stone,
          nicolae_shop_advertising_works [nicolae_subvault_shop_adworks],
          kennysheep_crisscross, minivault_11
D:3:      layout_rooms, gammafunk_ghost_mausoleum, hex_intersection,
          minmay_misc_feat_ornament, uniq_crazy_yiuf_cottage

Skill      XL: |  1  2 |
---------------+-------+-----
Long Blades    | 2 |  2.2
Armour         | 3 |  3.1
Shields        | 3 |  3.0
Fighting       | |  3.3

Action                   || total
-------------------------++-------
Melee: Long sword        ||   101
  Use: Scroll            ||     5
       Potion            ||     1
Armor: Scale mail        ||    18
       Chain mail        ||    41
Dodge: Dodged            ||    47
Block: Buckler           ||    30
